Skuld, lawful female dwarven Valkyrie ---------------- ...............| |..............| ------------- ...............| |`.........`|# |...<..........| |.....`......## -.-------.----.- |...-----...|# ## |...|.{.|...|# # # |..`|{@{|`..|# #### |...|.{h....|# ## # |...-----...|############ ########### |.....`.....| -|-.--- # #########-`.........`| |......# -.--+--- ------------- |.....|#### -......| |......# # |......| ------- ###-......| -------- Skuld the Fighter Experience level: 7 Strength: 18 Dexterity: 14 Constitution: 19 Intelligence: 9 Wisdom: 9 Charisma: 7 Health: 0(91) Energy: 14(14) AC: 3 Gold: 488 Moves: 1798 Your Inventory: Coins $ - 488 gold pieces Weapons a - an uncursed +1 long sword (weapon in hand) b - an uncursed +0 dagger q - an [uncursed +0] axe t - an [uncursed +0] orcish dagger Armor c - an uncursed +3 small shield (being worn) r - an [uncursed] +0 ring mail (being worn) u - an [uncursed +0] orcish helm w - an [uncursed +0] chain mail x - an [uncursed +0] orcish helm y - a [cursed -1] orcish helm Comestibles d - an uncursed food ration h - 2 [uncursed] slime molds Tools e - an uncursed oil lamp (0:1162) l - an [uncursed] key [skeleton key] F - an [uncursed] bag [sack] Contents of the sack: an [uncursed] food ration an [uncursed] scroll labeled ABRA KA DABRA [of create monster] an [uncursed] scroll labeled DAIYEN FOOELS [of food detection] an [uncursed] scroll labeled KERNOD WEL [of enchant weapon] an uncursed scroll labeled KO BATE [of light] an [uncursed] scroll labeled XIXAXA XOXAXA XUXAXA [of confuse monster] a [blessed] clear potion [of holy water] an [uncursed] fizzy potion [of invisibility] an [uncursed] squishy potion [of confusion] Spells known in the end: Name Level Category Fail Memory a - charm monster 3 enchantment 100% [||||||||] Your skills at the end: Fighting Skills Weapon Skills dagger [Basic / Expert] long sword [Basic / Expert] Spellcasting Skills Final Attributes: You were devoutly aligned. Hunger level was 563. Your alignment was 17 / 18. Monster difficulty range was 1 - 7. Level difficulty was 8. You were immune to cold. You resisted poison. You had infravision. You were stealthy. You were fast. Your luck was zero. You are dead. Vanquished creatures: a vampire bat a blue jelly a snake 3 Uruk-hai a yellow light a red naga hatchling a straw golem 7 hill orcs 2 rothes an iguana 3 coyotes a gnome zombie 2 geckos 3 jackals 3 foxes a goblin a sewer rat 5 grid bugs a lichen 3 newts 42 creatures vanquished. Voluntary challenges: You used a wielded weapon 58 times. You read items or engraved 3 times. You put on armor 2 times. You never genocided any monsters. You never polymorphed an object. You never changed form. You used no wishes. You never wrote Elbereth's name. You never encountered a bones level. You never used any Sokoban shortcuts. Dungeon overview: The Dungeons of Doom: levels 1 to 8 Level 1 a fountain a long staircase Level 2 an altar Level 3 a fountain Level 8 <- You were here many fountains History has recorded: On T:1 you entered the Dungeons of Doom to retrieve the Amulet of Yendor! On T:406 you reached level 2 of The Dungeons of Doom. On T:503 you reached level 3 of The Dungeons of Doom. On T:554 you advanced to experience level 2. On T:646 you reached level 4 of The Dungeons of Doom. On T:697 you advanced to experience level 3. On T:726 you reached level 5 of The Dungeons of Doom. On T:835 you advanced to experience level 4. On T:867 you advanced to experience level 5. On T:1156 you reached level 6 of The Dungeons of Doom. On T:1423 you reached level 7 of The Dungeons of Doom. On T:1566 you reached level 8 of The Dungeons of Doom. On T:1585 you advanced to experience level 6. On T:1794 you advanced to experience level 7. Latest messages: The gray unicorn misses. [HP-16=59] You see here a statue of a mountain centaur. [HP+1=60] You hit the straw golem! The straw golem misses. The straw golem hits! [HP-2=58] You miss the straw golem. The straw golem hits! (2x) [HP-2=56] You destroy the straw golem! Welcome to experience level 7. You feel quick! [HP+9=65] The Oracle gets angry! Your clumsy kick does no damage. You are hit by magic missiles appearing from thin air! [HP-34=31] You miss the Oracle. You are hit by magic missiles appearing from thin air! [HP-29=2] You miss the Oracle. You are hit by magic missiles appearing from thin air! You die... Final status: Farvel Skuld the Valkyrie... You died in The Dungeons of Doom on dungeon level 8 with 2615 points, and 488 pieces of gold, after 1798 moves. You were level 7 with a maximum of 91 hit points when you died.